 Dungeon Crawl Stone Soup version 0.19-a0-854-gc78d25d (webtiles) character file.

2068 Implojin the Grappler (level 9, -5/80 HPs)
             Began as a Troll Fighter on July 1, 2016.
             Slain by Joseph
             ... wielding a +0 quarterstaff
              (13 damage)
             ... on level 7 of the Dungeon.
             The game lasted 00:05:47 (994 turns).

Implojin the Grappler (Troll Fighter)                Turns: 994, Time: 00:05:48

Health: -5/80      AC:  5    Str: 26    XL:     9   Next: 5%
Magic:  8/8        EV:  8    Int:  4    God:
Gold:   7          SH:  9    Dex: 12    Spells: 0 memorised, 8 levels left

rFire  . . .     SeeInvis .       - Unarmed
rCold  . . .     Gourm    +     a - +0 robe
rNeg   . . .     Faith    .     b - +0 shield
rPois  .         Spirit   .     (helmet restricted)
rElec  .         Dismiss  .     (no cloak)
rCorr  .         Reflect  .     (gloves unavailable)
SustAt .         Harm     .     (boots unavailable)
MR     .....                    (no amulet)
Stlth  +.........               (no ring)
                                e - +3 ring of slaying

@: not resistant to hostile enchantments, very unstealthy
A: unfitting armour, claws 3, fast metabolism 3, gourmand, regeneration 2,
shaggy fur 1, tough skin 2
a: no special abilities


You were on level 7 of the Dungeon.
You were near starving.

You visited 1 branch of the dungeon, and saw 7 of its levels.

You collected 7 gold pieces.

Inventory:

Missiles
 v - 8 javelins (quivered)
Armour
 a - a +0 robe (worn)
 b - a +0 shield (worn)
Jewellery
 e - a +3 ring of slaying (left claw)
 s - a +3 ring of intelligence {unknown}
Scrolls
 f - a scroll of enchant weapon {unknown}
 i - a scroll of fog {unknown}
 j - a scroll of random uselessness {unknown}
 k - a scroll of amnesia {unknown}
 n - a scroll of enchant armour {unknown}
 p - a scroll of vulnerability {unknown}
 q - a scroll of torment
Potions
 g - 2 potions of degeneration
 h - a potion of lignification {unknown}
 l - a potion of invisibility {unknown}
 m - 2 potions of cancellation
 o - a potion of heal wounds
 u - a potion of magic {unknown}
Books
 r - an Akashic Record

   Spells                             Type                      Level
   a - Dispersal                      Translocation                6
   b - Malign Gateway                 Summoning/Translocation      7
   c - Disjunction                    Translocation                8
   d - Controlled Blink               Translocation                8
Comestibles
 d - 4 bread rations
 t - a meat ration


   Skills:
 - Level 2.4 Fighting
 - Level 2.4 Dodging
 - Level 2.4 Shields
 * Level 11.8 Unarmed Combat


You had 8 spell levels left.
You didn't know any spells.

Dungeon Overview and Level Annotations

Branches:
Dungeon (7/15)
 Temple: D:4-7

Altars:
Dithmenos
Gozag
Pakellas
The Shining One

Shops:
D:6 :==

Annotations:
D:7 Joseph


Innate Abilities, Weirdness & Mutations

You are too large for most types of armour.
You have claws for hands.
Your metabolism is lightning-fast.
You like to eat raw meat.
You heal very quickly.
You are covered in fur. (AC +1)
You have very tough skin. (AC +2)


Message History

Joseph convulses!
It was a scroll of torment.
Joseph shoots a sling bullet.
The sling bullet hits you!
* * * LOW HITPOINT WARNING * * *
The sling bullet freezes you.
* * * LOW HITPOINT WARNING * * *
You feel much better.
Joseph shoots a sling bullet.
The sling bullet hits you.
* * * LOW HITPOINT WARNING * * *
The sling bullet freezes you.
* * * LOW HITPOINT WARNING * * *
Joseph shoots a sling bullet.
You block the sling bullet.
Joseph shoots a sling bullet.
The sling bullet hits you!
* * * LOW HITPOINT WARNING * * *
The sling bullet freezes you.
* * * LOW HITPOINT WARNING * * *
Things that are here:
a sling bullet; a ring mail You are near starving!
You claw the phantom!
The phantom is moderately damaged.
The phantom hits you.
* * * LOW HITPOINT WARNING * * *
The phantom blinks!
Unknown command.
You feel much better.
Joseph shoots a sling bullet.
The sling bullet hits you!
* * * LOW HITPOINT WARNING * * *
The sling bullet freezes you.
* * * LOW HITPOINT WARNING * * *
Joseph shoots a sling bullet.
The sling bullet hits you!
* * * LOW HITPOINT WARNING * * *
The sling bullet freezes you.
* * * LOW HITPOINT WARNING * * *
Joseph unwields an uncursed hunting sling of freezing.
Joseph wields an uncursed quarterstaff.
Joseph closely misses you.
Things that are here:
a whip; a leather armour; an orc corpse Unknown command.
You barely miss Joseph.
Joseph is heavily wounded.
Joseph hits you with an uncursed quarterstaff!
You die...

##.## # #...# # ...
# ... # #.# #.# #
#(# #######.# #W#
........#.######@##
###.............@.#
...........####.#.#
#.########. #.#.#
#.# #.#.## #.#
:####.#..# #.#
......##.##### #.#
#........# #.#
#.##.###.#


You could see Joseph and a phantom.

Vanquished Creatures
  Pikel (D:4)
  Grinder (D:5)
  Edmund (D:5)
  A slave (D:4)
  An ice beast (D:6)
  An orc warrior (D:6)
  3 sky beasts
  A black bear (D:7)
  2 necrophages
  A centaur (D:5)
  2 scorpions
  A crimson imp (D:5)
  An orc priest (D:5)
  A giant frog zombie (D:5)
  A hound (D:7)
  An iguana (D:5)
  3 orc wizards
  A worker ant (D:5)
  A hound zombie (D:7)
  A hound skeleton (D:7)
  3 worker ant zombies (D:3)
  2 adders (D:4)
  A shadow imp (D:6)
  An ooze (D:2)
  3 adder zombies
  A dart slug (D:2)
  4 giant geckos
  12 orcs
  2 bats (D:2)
  3 goblins
  2 kobolds (D:2)
  A ball python zombie (D:3)
  A giant cockroach zombie (D:3)
  A giant newt (D:7)
  A goblin skeleton (D:5)
  A goblin zombie (D:5)
  2 kobold skeletons (D:5)
  2 orc skeletons (D:5)
  An orc zombie (D:5)
  A quokka skeleton (D:7)
  A quokka zombie (D:5)
  2 rats
74 creatures vanquished.

Notes
Turn   | Place    | Note
-------+----------+-------------------------------------------
     0 | D:1      | Implojin the Troll Fighter began the quest for the Orb.
     0 | D:1      | Reached XP level 1. HP: 22/22 MP: 0/0
    24 | D:2      | Reached XP level 2. HP: 29/29 MP: 1/1
    47 | D:2      | Reached skill level 3 in Unarmed Combat
    51 | D:2      | Found an opulent altar of Gozag.
   111 | D:3      | Reached XP level 3. HP: 23/36 MP: 2/2
   122 | D:3      | Reached skill level 4 in Unarmed Combat
   184 | D:4      | Reached XP level 4. HP: 44/44 MP: 3/3
   200 | D:4      | Noticed a sky beast
   211 | D:4      | Killed a sky beast
   211 | D:4      | Reached skill level 5 in Unarmed Combat
   211 | D:4      | Reached XP level 5. HP: 31/50 MP: 4/4
   224 | D:4      | Noticed a slave
   225 | D:4      | Noticed Pikel
   225 | D:4      | Noticed a slave
   226 | D:4      | Noticed a slave
   226 | D:4      | Noticed a slave
   238 | D:4      | Killed a slave
   243 | D:4      | Killed Pikel
   243 | D:4      | Reached skill level 8 in Unarmed Combat
   243 | D:4      | Reached XP level 6. HP: 17/59 MP: 5/5
   243 | D:4      | Reached XP level 7. HP: 19/66 MP: 6/6
   256 | D:5      | Entered Level 5 of the Dungeon
   256 | D:5      | Noticed Edmund
   270 | D:5      | Killed Edmund
   354 | D:5      | Reached skill level 9 in Unarmed Combat
   403 | D:6      | Found Maclut's Jewellery Shop.
   458 | D:5      | Found a glowing golden altar of the Shining One.
   467 | D:5      | Noticed Grinder
   472 | D:5      | Reached XP level 8. HP: 72/74 MP: 7/7
   483 | D:5      | Killed Grinder
   483 | D:5      | Reached skill level 10 in Unarmed Combat
   522 | D:6      | Found Riosurec's Book Shoppe.
   534 | D:6      | Found Zenem's Jewellery Shop.
   573 | D:6      | Found a shadowy altar of Dithmenos.
   625 | D:5      | Reached skill level 11 in Unarmed Combat
   922 | D:7      | Reached XP level 9. HP: 49/79 MP: 8/8
   936 | D:7      | Found an oddly glowing altar of Pakellas.
   981 | D:7      | Noticed Joseph
   994 | D:7      | Slain by Joseph

Vault maps used:
D:1:      dpeg_arrival_pits, serial_forest, infiniplex_forest_end_3,
          infiniplex_forest_clump_large, infiniplex_forest_straight_3,
          infiniplex_forest_clump_double, infiniplex_forest_zigzag_2
D:2:      minmay_wonky_spiral, grunt_temple_overflow_diamond,
          old_standard_altar, first_bread
D:3:      serial_undead, serial_undead_d, serial_undead_e, serial_undead_f,
          serial_undead_a, serial_undead_a
D:4:      uniq_pikel
D:5:      nicolae_tso_besieged_by_evil, uniq_grinder, uniq_edmund
D:6:      grunt_dithmenos_shadows, serial_shops, shop, shop,
          nicolae_shop_waterfront
D:7:      nicolae_overflow_hidden_temple, grunt_ogre_cave,
          kennysheep_nondescript, moated_statue, uniq_joseph

Skill      XL: |  1  2  3  4  5  6  7  8 |
---------------+-------------------------+-----
Unarmed Combat | 3 4 5 8 9 11 | 11.8
Fighting       | |  2.4
Dodging        | |  2.4
Shields        | |  2.4

Action                   |  1- 3 |  4- 6 |  7- 9 || total
-------------------------+-------+-------+-------++-------
Melee: Unarmed           |    59 |    20 |   147 ||   226
  Use: Potion            |       |     1 |     3 ||     4
       Scroll            |       |       |     4 ||     4
  Eat: Chunk             |     2 |       |     3 ||     5
Armor: Robe              |    21 |     2 |    25 ||    48
Dodge: Dodged            |    17 |     1 |    26 ||    44
Block: Shield            |    26 |     5 |    50 ||    81

Table legend:
 A = Turns spent in this place as a percentage of turns spent in the entire game.
 B = Non-inter-level travel turns spent in this place as a percentage of non-inter-level travel turns spent in the entire game.
 C = Inter-level travel turns spent in this place as a percentage of turns spent in this place.
 D = Turns resting spent in this place as a percentage of non-inter-level travel turns spent in this place.
 E = Turns spent auto-exploring this place as a percentage of non-inter-level travel turns spent in this place.
 F = Non-inter-level travel turns spent in this place divided by the number of levels of this place that you've seen.
                   A       B       C       D       E      F
               +-------+-------+-------+-------+-------+----------------------
         Total | 100.0 | 100.0 |   0.0 |   0.0 |   0.0 | 142.4
       Dungeon | 100.0 | 100.0 |   0.0 |   0.0 |   0.0 | 142.4
               +-------+-------+-------+-------+-------+----------------------

Table legend:
 A = Kills in this place as a percentage of kills in entire the game.
 B = Kills by you in this place as a percentage of kills by you in the entire game.
 C = Kills by friends in this place as a percentage of kills by friends in the entire game.
 D = Other kills in this place as a percentage of other kills in the entire game.
 E = Experience gained in this place as a percentage of experience gained in the entire game.
 F = Experience gained in this place divided by the number of levels of this place that you have seen.
                   A       B       C       D       E      F
               +-------+-------+-------+-------+-------+----------------------
         Total | 100.0 | 100.0 |  -nan |  -nan | 100.0 | 422.1
       Dungeon | 100.0 | 100.0 |  -nan |  -nan | 100.0 | 422.1
               +-------+-------+-------+-------+-------+----------------------
